 Dungeon Crawl Stone Soup version 0.30.1-3-gfc49f6343a (webtiles) character file.

Game seed: 18112972490654064248

209 shmup the Firebug (level 5, -2/28 HPs)
             Began as a Tengu Fire Elementalist on July 19, 2023.
             Slain by a kobold
             ... wielding a +2 whip of electrocution
              (15 damage)
             ... in a sewer.
             The game lasted 00:03:57 (2760 turns).

shmup the Firebug (Tengu Fire Elementalist)         Turns: 2760, Time: 00:03:58

Health: -2/28      AC:  2    Str:  9    XL:     5   Next: 87%
Magic:  6/9        EV: 14    Int: 17    God:
Gold:   123        SH:  5    Dex: 14    Spells: 5/8 levels left

rFire   . . .        j - +0 short sword
rCold   . . .        (no shield)
rNeg    . . .        a - +0 robe
rPois   .            (helmet restricted)
rElec   .            (no cloak)
rCorr   .            (no gloves)
SInv    .            (boots unavailable)
Will    .....        m - amulet of reflection
Stlth   ++           (no ring)
HPRegen 0.24/turn    (no ring)
MPRegen 0.11/turn

%: reflection
@: flying quickly and evasively, quick
A: beak, talons 3, nimble flight
a: no special abilities


You were in a sewer.
You visited 1 branch of the dungeon, and saw 3 of its levels.
You also visited: Sewer.

You collected 123 gold pieces.

Inventory:

Hand Weapons
 e - a +1 short sword of distortion
 j - a +0 short sword (weapon)
Missiles
 d - 7 stones (quivered)
 k - 12 poisoned darts
 u - a curare-tipped dart
Armour
 a - a +0 robe (worn)
Jewellery
 m - an amulet of reflection (around neck)
Scrolls
 c - a scroll of vulnerability {unknown}
 f - 2 scrolls of identify {unknown}
 h - 3 scrolls of fear {unknown}
 l - a scroll of noise {unknown}
 n - 2 scrolls of teleportation {unknown}
 p - a scroll of brand weapon {unknown}
 q - 4 scrolls of fog {unknown}
 r - a scroll of magic mapping {unknown}
Potions
 b - 2 potions of magic
 g - a potion of cancellation {unknown}
 i - 2 potions of curing {unknown}
 o - a potion of brilliance {unknown}
 s - a potion of mutation {unknown}
 t - 2 potions of haste {unknown}
 v - a potion of heal wounds {unknown}
 w - a potion of invisibility {unknown}


   Skills:
 - Level 2.1 Dodging
 - Level 2.0 Stealth
 - Level 2.0 Spellcasting
 + Level 4.2 Conjurations
 * Level 6.0 Fire Magic


You had 5 spell levels left.
You knew the following spells:

 Your Spells              Type           Power      Damage    Failure   Level
a - Foxfire               Conj/Fire      76%        2x1d7     2%          1
b - Scorch                Fire           44%        2d7       2%          2

Your spell library contained the following spells:

 Spells                   Type           Power      Damage    Failure   Level
 Inner Flame              Hex/Fire       11%        N/A       17%         3
 Volatile Blastmotes      Fire/Tloc      22%        2d11      17%         3
 Dazzling Flash           Conj/Hex       16%        N/A       24%         3
 Hailstorm                Conj/Ice       8%         3d4       24%         3
 Flame Wave               Conj/Fire      19%        2d7       24%         4
 Ice Form                 Ice/Tmut       1%         N/A       88%         4
 Agony                    Necr           1%         N/A       99%         5
 Silence                  Hex/Air        0%         N/A       99%         5
 Simulacrum               Ice/Necr       0%         N/A       100%        6


Dungeon Overview and Level Annotations

Branches:
Dungeon (3/15)              Sewer (1/1)

Altars:
Xom


Innate Abilities, Weirdness & Mutations

You have a beak for a mouth.
You have claws for feet.
Your magical nature lets you fly swiftly and evasively.


Message History

7 kobolds come into view.
A kobold is wielding a +2 whip of electrocution.
The kobold shouts! x7
Found 3 red potions and a scroll labelled KIOPLE MUGG.
Found a gate leading back out of this place.
There are monsters nearby!
Unknown command.
Casting: Foxfire (safe; 2% risk of failure)
Confirm with . or Enter, or press ? or * to list all spells.
Okay, then.
Unknown command.
Casting: Foxfire (safe; 2% risk of failure)
Confirm with . or Enter, or press ? or * to list all spells.
You conjure some foxfire!
The kobold hits you with a +0 short sword.
The kobold completely misses you.
The foxfire hits the kobold.
You kill the kobold!
The foxfire hits the kobold.
You kill the kobold!
Casting: Foxfire (safe; 2% risk of failure)
Confirm with . or Enter, or press ? or * to list all spells.
You conjure some foxfire!
The kobold completely misses you.
The foxfire hits the kobold.
You kill the kobold!
The foxfire hits the kobold.
The kobold is severely wounded.
Casting: Foxfire (safe; 2% risk of failure)
Confirm with . or Enter, or press ? or * to list all spells.
You conjure some foxfire!
The kobold hits you with a +0 whip. The kobold closely misses you.
The kobold hits you with a +0 dagger.
The foxfire hits the kobold but does no damage.
The kobold is severely wounded.
The foxfire hits the kobold but does no damage.
You block the kobold's attack. The kobold hits you with a +0 dagger.
The kobold hits you with a +2 whip of electrocution.
* * * LOW HITPOINT WARNING * * *
You are electrocuted!
Ouch! That really hurt!
You die...

▒ ▒▒▒▒▒ ▒▒▒▒
▒▒▒▒...▒▒▒▒..▒▒▒▒▒▒▒
........▒▒.....#...▒
................QK.▒▒
................KK..▒ ▒▒▒▒
...........P.....K..▒....▒
.......P.....~......'.K!?▒
~~~~..~~~..~~~~.....'!.\.▒
~~~P...~~~P~~~~P....▒....▒
▒▒▒▒▒▒▒▒▒▒~~~▒▒▒▒▒▒▒▒▒▒▒▒▒▒▒▒▒
~~~~ ~~~~~~~~~~~~~~~~~~~~~▒
~~~~ ~~~~~~~~~~~~~~~~~~~~~▒


You could see 4 kobolds.

Vanquished Creatures
  A kobold brigand (Sewer)
  A river rat (D:3)
  6 adders
  3 worms
  6 bats
  8 endoplasms
  3 giant cockroaches
  3 goblins
  5 hobgoblins
  2 jackals (D:1)
  2 quokkas
  8 ball pythons
  8 frilled lizards
  13 kobolds
  6 rats
  2 butterflies (D:3)
77 creatures vanquished.

Vanquished Creatures (others)
  154 foxfires
154 creatures vanquished.

Grand Total: 231 creatures vanquished

Notes
Turn   | Place    | Note
-------+----------+-------------------------------------------
     0 | D:1      | shmup the Tengu Fire Elementalist began the quest for the
                  | Orb.
     0 | D:1      | Reached XP level 1. HP: 10/10 MP: 4/4
   180 | D:1      | Reached XP level 2. HP: 15/15 MP: 4/6
   183 | D:1      | Learned a level 2 spell: Scorch
   337 | D:1      | Reached skill level 4 in Fire Magic
   586 | D:1      | Reached XP level 3. HP: 19/19 MP: 3/7
   933 | D:1      | You fall into a shaft and drop 1 floor!
  1644 | D:2      | Found a faded altar of an unknown god.
  1763 | D:2      | Reached XP level 4. HP: 20/24 MP: 5/8
  2030 | D:3      | Found a shimmering altar of Xom.
  2243 | D:3      | Reached skill level 5 in Fire Magic
  2329 | D:3      | Found a glowing drain.
  2388 | Sewer    | Entered a sewer
  2425 | Sewer    | Gained mutation: Your magical nature lets you fly swiftly
                  | and evasively. [Tengu growth]
  2425 | Sewer    | Reached XP level 5. HP: 28/28 MP: 7/9
  2534 | Sewer    | Noticed a kobold brigand
  2541 | Sewer    | Killed a kobold brigand
  2629 | Sewer    | Reached skill level 6 in Fire Magic
  2760 | Sewer    | Slain by a kobold

Illustrated notes

Levels and vault maps discovered:
D:1:      minmay_arrival_doors, layout_basic, minivault_14,
          chequers_decorated_corner
D:2:      layout_loops_cross, ebering_ecumenical_altar_sacrificial
D:3:      layout_loops_corners, xom_butterflies, portal_sewer_entry_e,
          roderic_lattice_a, uniq_crazy_yiuf_cottage
Sewer:    kennysheep_pipe_town

Skill      XL: |  1  2  3  4  5 |
---------------+----------------+-----
Conjurations   | 2 3 4 |  4.2
Fire Magic     | 4 5 6 |  6.0
Dodging        | |  2.1
Stealth        | |  2.0
Spellcasting   | |  2.0

Action                     |  1- 3 |  4- 6 || total
---------------------------+-------+-------++-------
  Melee: Short sword       |     9 |     6 ||    15
         Peck              |     3 |     2 ||     5
         Kick              |     3 |     1 ||     4
   Cast: Foxfire           |    47 |    41 ||    88
         Scorch            |     5 |     5 ||    10
 Armour: Robe              |     7 |     3 ||    10
  Dodge: Dodged            |     9 |    14 ||    23
  Block: Other             |     1 |     6 ||     7
